Map: King's Cove LE

Players

HeroMarine

  • Race: Terran Terran
  • League: Master
  • Spawn Location: 11:00

OGZest (Zest) - Winner!

  • Race: Protoss Protoss
  • Spawn Location: 5:00

Event: HomeStory Cup XIX

VOD

Have the link to the VOD?

Description

Time

  • Played on: June 29, 2019, 3:46 p.m.
  • Length: 12:55

All games in this series

Show
View Real Time Build Order
Export as new Build Order

HeroMarine Terran 

Build Orders: Reaper Expand 

Get SALT Encoding   

  12  0:00  SCV  
  13  0:12  SCV  
  14  0:18  Supply Depot  
  14  0:24  SCV  
  15  0:40  SCV  
  16  0:42  Barracks  
  16  0:45  Refinery  
  16  0:52  SCV  
  17  1:04  SCV  
  18  1:16  SCV  
  19  1:29  Orbital Command  
  19  1:34  Reaper  
  20  1:42  Command Center  
  20  1:52  Supply Depot  
  20  1:56  SCV  
  21  2:05  Bunker  
  21  2:07  Barracks Reactor  
  21  2:09  SCV  
  21  2:13  Refinery  
  22  2:21  SCV  
  23  2:29  Factory  
  23  2:33  SCV  
  24  2:44  Marine x2  
  24  2:45  SCV  
  27  2:55  Orbital Command  
  27  2:57  SCV  
  28  3:02  Marine x2  
  30  3:09  SCV  
  31  3:12  Starport  
  31  3:13  Widow Mine  
  33  3:20  Marine x2  
  33  3:21  SCV  
  33  3:25  SCV  
  37  3:34  SCV  
  38  3:37  Marine, Widow Mine, SCV  
  38  3:38  Marine  
  42  3:46  SCV  
  43  3:50  SCV  
  43  3:51  Viking  
  46  3:59  Supply Depot  
  46  4:01  Barracks  
  46  4:03  Factory Tech Lab  
  46  4:08  SCV  
  46  4:20  Marine x2  
  46  4:21  SCV x2  
  46  4:23  Starport Tech Lab, Supply Depot  
  46  4:24  Siege Tank  
  53  4:33  SCV  
  53  4:35  Barracks  
  54  4:42  Engineering Bay  
  54  4:45  SCV x2  
  57  4:46  Raven, Marine, Supply Depot  
  57  4:47  Marine  
  60  4:57  SCV x2  
  56  5:04  Marine  
  56  5:09  SCV x2  
  56  5:18  Terran Infantry Weapons Level 1  
  56  5:19  Marine  
  56  5:20  Refinery  
  56  5:21  SCV x2  
  56  5:22  Stimpack, Marine  
  59  5:31  Marine  
  59  5:33  SCV x2  
  62  5:37  Marine  
  62  5:38  Combat Shield, Supply Depot  
  62  5:39  Marine  
  62  5:40  Marine  
  65  5:45  SCV x2  
  65  5:47  Starport Reactor, Supply Depot  
  65  5:48  Factory Reactor  
  68  5:55  Marine  
  69  5:57  SCV  
  69  5:59  Marine  
  69  6:00  Marauder x2, SCV  
  69  6:01  Supply Depot  
  75  6:04  Supply Depot  
  75  6:09  SCV  
  76  6:12  SCV  
  76  6:13  Marine  
  76  6:16  Marine  
  79  6:22  Marauder x2  
  79  6:23  Refinery  
  79  6:24  Medivac  
  79  6:25  Medivac  
  87  6:26  Widow Mine  
  87  6:28  Widow Mine  
  87  6:31  Marine  
  92  6:34  Marine, Missile Turret  
  92  6:37  Missile Turret  
  93  6:43  Marauder x2  
  97  6:48  Marine, SCV x2  
  97  6:52  Marine  
  101  6:57  Concussive Shells  
  101  7:13  Widow Mine  
  101  7:14  Marauder x2  
  101  7:15  Marine x2  
  91  7:27  Medivac x2  
  93  7:33  Marine x2, SCV x2  
  93  7:34  Terran Infantry Armor Level 1  
  93  7:35  Marine x2  
  99  7:37  Command Center  
  99  7:38  Factory Reactor  
  99  7:45  SCV x2  
  99  7:50  Marine  
  99  7:51  Marine  
  101  7:53  Marauder  
  101  7:57  SCV x2  
  105  8:00  Marauder  
  107  8:06  Barracks x2, Medivac  
  107  8:10  Medivac  
  110  8:18  Marauder  
  114  8:24  Marauder  
  114  8:26  Marine x2  
  116  8:29  Widow Mine  
  118  8:48  Marine x2  
  118  8:49  Orbital Command, Marauder x2, Widow Mine  
  124  8:57  Barracks Reactor  
  124  8:58  SCV  
  124  8:59  SCV  
  124  9:00  Barracks Tech Lab  
  126  9:03  Engineering Bay, Armory  
  126  9:06  Marine  
  126  9:08  Marine  
  128  9:10  Marauder x2  
  128  9:13  SCV  
  133  9:27  Marine  
  133  9:30  Widow Mine x2, Supply Depot, Medivac x2  
  138  9:32  Marauder x2  
  138  9:35  Marine x2  
  138  9:36  Orbital Command  
  141  9:41  Ghost Academy  
  141  9:51  SCV x2  
  145  9:59  Terran Infantry Weapons Level 2  
  149  10:01  Terran Infantry Armor Level 2  
  149  10:03  Marine x2  
  149  10:05  SCV x2  
  145  10:07  SCV  
  145  10:11  Ghost  
  148  10:23  Marine, Ghost x2, Supply Depot x2  
  148  10:24  Marine  
  148  10:25  Widow Mine  
  154  10:29  Widow Mine  
  154  10:35  Marine x2  
  156  10:42  Marauder  
  156  10:44  Medivac  
  156  10:49  Marine x2  
  157  10:51  Ghost  
  157  10:52  Marauder, Refinery, SCV x2  
  157  10:53  Refinery, SCV  
  157  10:55  Supply Depot  
  157  10:56  Supply Depot  
  164  10:59  Marine x2  
  164  11:03  Marine  
  167  11:07  Marine  
  167  11:08  Marine  
  169  11:11  Missile Turret  
  169  11:13  Ghost  
  169  11:16  Marine  
  169  11:17  Marine  
  173  11:19  Widow Mine  
  173  11:20  Widow Mine, Ghost  
  173  11:21  Marine  
  180  11:25  Supply Depot  
  180  11:28  Marine x2  
  182  11:36  Marine  
  182  11:37  Marine  
  182  11:39  Ghost  
  186  11:41  Ghost  
  186  11:46  Marine x2  
  188  11:48  Ghost  
  190  11:55  Widow Mine x2  
  190  11:58  Viking  
  196  12:01  Marine  
  197  12:09  Marine  
  197  12:23  Viking, Marine x2  
  197  12:24  Marauder x2  
  197  12:27  Marine  
  197  12:28  Marine x2  
Show
View Real Time Build Order
Export as new Build Order

OGZest Protoss - Winner!

Build Orders: 1 Gate Expand, Oracle Opening 

Get SALT Encoding   

  12  0:00  Probe  
  13  0:12  Probe  
  14  0:18  Pylon  
  14  0:23  Probe  
  15  0:32  Probe  
  15  0:37  Gateway  
  15  0:40  Probe  
  16  0:46  Assimilator  
  17  0:51  Probe  
  18  1:03  Probe  
  19  1:15  Probe  
  20  1:24  Nexus  
  20  1:35  Cybernetics Core  
  20  1:37  Probe  
  21  1:43  Assimilator  
  21  1:49  Probe  
  22  1:54  Pylon  
  22  2:01  Probe  
  22  2:02  Adept  
  23  2:14  Stargate  
  25  2:18  Probe  
  25  2:21  Warp Gate  
  25  2:22  Adept  
  26  2:31  Probe  
  26  2:36  Probe  
  30  2:43  Probe  
  31  2:45  Oracle  
  31  2:48  Probe  
  32  2:56  Probe  
  36  3:00  Probe  
  37  3:07  Pylon  
  37  3:09  Probe  
  37  3:12  Probe  
  39  3:15  Oracle  
  39  3:21  Probe  
  39  3:26  Probe  
  44  3:33  Gateway  
  44  3:35  Gateway  
  44  3:43  Probe x2, Oracle  
  43  3:53  Pylon  
  47  3:55  Probe x2  
  48  4:07  Probe  
  48  4:09  Probe  
  50  4:17  Pylon  
  50  4:19  Probe  
  50  4:20  Assimilator  
  50  4:22  Pylon  
  51  4:26  Adept  
  51  4:27  Adept  
  51  4:28  Pylon  
  51  4:29  Adept  
  51  4:30  Probe  
  58  4:32  Probe  
  58  4:35  Twilight Council  
  59  4:40  Blink  
  59  4:43  Probe, Gateway  
  59  4:44  Probe  
  61  4:49  Stalker x2  
  59  5:09  Probe x2  
  59  5:20  Stalker x2  
  59  5:21  Stalker  
  63  5:24  Nexus  
  63  5:26  Shield Battery, Phoenix  
  63  5:30  Shield Battery  
  65  5:52  Stalker x3  
  65  5:55  Stalker  
  73  5:57  Pylon  
  73  6:01  Pylon  
  73  6:06  Probe x2  
  73  6:10  Pylon  
  75  6:19  Stalker  
  75  6:20  Stalker x3  
  75  6:23  Pylon  
  75  6:25  Probe  
  84  6:26  Probe  
  85  6:36  Pylon  
  85  6:38  Forge  
  85  6:43  Adept x3  
  91  6:50  Stalker  
  93  7:10  Stalker x3  
  93  7:12  Charge  
  92  7:22  Probe  
  92  7:23  Probe, Protoss Ground Armor Level 1  
  92  7:27  Stalker  
  95  7:32  Gateway  
  95  7:33  Probe  
  95  7:34  Gateway  
  95  7:35  Probe  
  95  7:36  Probe  
  98  7:37  Gateway  
  98  7:39  Gateway  
  98  7:44  Gateway  
  98  7:45  Probe  
  98  7:47  Probe  
  98  7:57  Probe x2  
  98  7:58  Assimilator, Robotics Facility  
  100  8:00  Assimilator  
  100  8:01  Assimilator, Nexus  
  100  8:02  Probe  
  100  8:03  Pylon  
  101  8:06  Pylon  
  101  8:14  Zealot x4  
  101  8:17  Pylon  
  101  8:18  Probe x3  
  112  8:30  Probe x2  
  112  8:32  Robotics Facility  
  114  8:37  Stalker x2  
  114  8:38  Stalker x2  
  120  8:54  Immortal  
  120  8:55  Probe x3  
  123  8:56  Photon Cannon  
  127  9:10  Sentry  
  127  9:11  Sentry  
  127  9:15  Zealot x5  
  127  9:16  Templar Archives, Protoss Ground Weapons Level 1  
  139  9:24  Zealot  
  139  9:28  Immortal x2  
  147  9:50  Forge  
  147  9:52  High Templar  
  147  9:53  Zealot x4, High Templar  
  147  9:57  Archon  
  147  9:59  Photon Cannon  
  159  10:02  Photon Cannon  
  159  10:08  Probe x2  
  159  10:09  Pylon  
  159  10:10  Assimilator  
  159  10:11  Probe  
  159  10:13  Photon Cannon  
  162  10:15  Observer x2  
  162  10:17  Protoss Ground Armor Level 2  
  164  10:22  Assimilator  
  164  10:29  Pylon  
  164  10:31  Pylon  
  164  10:38  Immortal x2, Psionic Storm  
  172  10:50  High Templar x2  
  172  10:53  Observer  
  172  10:56  Probe x2  
  178  10:57  Nexus  
  178  11:01  Pylon  
  178  11:02  High Templar x2  
  182  11:06  Photon Cannon  
  182  11:08  Probe x2  
  182  11:09  Probe x2  
  186  11:13  Warp Prism  
  186  11:14  Immortal  
  186  11:18  Pylon  
  186  11:23  Pylon  
  192  11:31  Photon Cannon  
  192  11:32  Pylon  
  192  11:44  Pylon  
  192  11:50  Zealot x4  
  198  12:08  Zealot x3  
  200  12:25  Archon  
  200  12:29  Zealot x3  
  171  12:45  Stalker x4  
Tags
 
Add a new tag
Caveats
  • Supply blocks, unpowered buildings, or Contaminate may cause inaccurate times.
  • Supply counts are checked every 10 seconds.